 Dungeon Crawl Stone Soup version 0.31.0-12-g77e489cdc1 (webtiles) character file.

Game seed: 14925003140692958370

17219767 MollyMolluskus the Middleweight Champion (level 27, 319/319 HPs)
             Began as an Octopode Fighter on Feb 10, 2024.
             Was the Champion of Wu Jian.
             Escaped with the Orb
             ... and 15 runes on Feb 12, 2024!
             The game lasted 07:59:56 (90325 turns).

MollyMolluskus the Middleweight Champion (OpFi)    Turns: 90325, Time: 07:59:56

Health: 319/319    AC: 45    Str: 40    XL:     27
Magic:  23/23      EV: 30    Int: 14    God:    Wu Jian [******]
Gold:   13064      SH: 21    Dex: 18    Spells: 26/26 levels left

rFire   + +          +
                       - Unarmed
rCold   + + .        k - +2 shield of Resistance {rF++ rC++ Will++}
rNeg    + + .        H - +3 crown of Dyrovepreva {rElec Int+2 SInv}
rPois   ∞            l - amulet of Toluq {Spirit Will++ Regen+ rCorr Str-4}
rElec   +            r - +4 ring of protection
rCorr   +            w - ring of Shadows {Umbra +Inv Stlth+}
SInv    +            I - ring of the Narrow Peach {*Slow rCorr Str+5}
Will    +++++        t - ring of Magref {rF+ rCorr Int+3 Dex+6}
Stlth   ++++++       W - ring of Liapt {rElec rPois rF+ Str+4 Int-4}
HPRegen 1.53/turn    R - +4 ring of slaying
MPRegen 0.18/turn    G - ring "Zuat" {rN+ Str+6}
                     h - ring of Fun {rElec Will+ SInv}

%: slow self (1%), guardian spirit
@: statue-form, wreathed by umbra, studying Conjurations, very slow
A: slow and powerful, torment resistance 1, boosted hp, almost no armour,
amphibious, 8 rings, camouflage 1, (gelatinous body 1), (nimble swimmer 1),
tentacles, strong-willed 1, robust 1, weak 1, no potion heal 1
0: Orb of Zot
}: 15/15 runes: decaying, serpentine, slimy, silver, golden, iron, obsidian,
icy, bone, abyssal, demonic, glowing, magical, fiery, dark
a: Begin Untransformation, Renounce Religion, Evoke Invisibility, Wall Jump,
Serpent's Lash, Heavenly Storm


You escaped.
You worshipped Wu Jian.
Wu Jian was exalted by your worship.
You were a living statue of rough stone.
You visited 18 branches of the dungeon, and saw 87 of its levels.
You visited Pandemonium 1 time, and saw 18 of its levels.
You visited the Abyss 2 times.
You also visited: Sewer, Ossuary and Bailey.

You collected 19657 gold pieces.
You spent 6593 gold pieces at shops.

Inventory:

Missiles
 b - 5 silver javelins (quivered)
 D - 23 curare-tipped darts
 Z - 2 throwing nets
Armour
 k - the +2 shield of Resistance (worn) {rF++ rC++ Will++}
   (You acquired it on level 3 of the Vaults)

   rF++:      It greatly protects you from fire.
   rC++:      It greatly protects you from cold.
   Will++:    It greatly increases your willpower.
 H - the +3 crown of Dyrovepreva (worn) {rElec Int+2 SInv}
   (You acquired it on level 4 of the Lair of Beasts)

   Int+2:     It affects your intelligence (+2).
   rElec:     It insulates you from electricity.
   SInv:      It lets you see invisible.
Jewellery
 h - the ring of Fun (on tentacle) {rElec Will+ SInv}
   (You took it off a deep elf death mage on level 3 of the Elven Halls)

   [ring of see invisible]

   rElec:     It insulates you from electricity.
   Will+:     It increases your willpower.
   SInv:      It lets you see invisible.
 l - the amulet of Toluq (around mantle) {Spirit Will++ Regen+ rCorr Str-4}
   (You found it on level 7 of Tartarus)

   [amulet of guardian spirit]

   Spirit:    It causes incoming damage to be divided between your reserves of
   health and magic.
   Str-4:     It affects your strength (-4).
   Will++:    It greatly increases your willpower.
   Regen+:    It increases your rate of health regeneration.
   rCorr:     It protects you from acid and corrosion.
 o - a +4 ring of protection
 r - a +4 ring of protection (left tentacle)
 t - the ring of Magref (on tentacle) {rF+ rCorr Int+3 Dex+6}
   (You found it on level 13 of the Dungeon)

   [ring of dexterity]

   Int+3:     It affects your intelligence (+3).
   Dex+6:     It affects your dexterity (+6).
   rF+:       It protects you from fire.
   rCorr:     It protects you from acid and corrosion.
 w - the ring of Shadows (right tentacle) {Umbra +Inv Stlth+}
   (You bought it in a shop on level 1 of the Depths)

   [ring of stealth]

   Umbra:     It surrounds you with an aura of shadow, increasing your stealth
   and reducing the accuracy of all others within it.
   +Inv:      It lets you turn invisible.
   Stlth+:    It makes you more stealthy.
 C - a +4 ring of protection
 G - the ring "Zuat" (on tentacle) {rN+ Str+6}
   (You found it on level 3 of the Tomb of the Ancients)

   [ring of strength]

   Str+6:     It affects your strength (+6).
   rN+:       It protects you from negative energy.
 I - the ring of the Narrow Peach (on tentacle) {*Slow rCorr Str+5}
   (You found it on level 4 of the Lair of Beasts)

   [ring of resist corrosion]

   Str+5:     It affects your strength (+5).
   rCorr:     It protects you from acid and corrosion.
   *Slow:     It may slow you when you take damage.
 R - a +4 ring of slaying (on tentacle)
 S - the amulet of the Genius {Regen+ Str+4}
   (You found it in Pandemonium)

   [amulet of regeneration]

   Str+4:     It affects your strength (+4).
   Regen+:    It increases your rate of health regeneration.
 U - a +4 ring of protection
 W - the ring of Liapt (on tentacle) {rElec rPois rF+ Str+4 Int-4}
   (You bought it in a shop on level 2 of the Snake Pit)

   [ring of protection from fire]

   Str+4:     It affects your strength (+4).
   Int-4:     It affects your intelligence (-4).
   rF+:       It protects you from fire.
   rElec:     It insulates you from electricity.
   rPois:     It protects you from poison
Talismans
 p - the granite talisman of the Lotus Blossom (active) {rF++ Will- Str+5}
   (You bought it in a shop on level 3 of the Realm of Zot)

   [granite talisman]

   Str+5:     It affects your strength (+5).
   rF++:      It greatly protects you from fire.
   Will-:     It decreases your willpower.
 P - a storm talisman
Wands
 e - a wand of mindburst (41)
 m - a wand of flame (164)
 q - a wand of light (34)
 B - a wand of iceblast (94)
 V - a wand of digging (53)
Scrolls
 a - 7 scrolls of butterflies
 c - 10 scrolls of fear
 f - 13 scrolls of poison
 j - 12 scrolls of teleportation
 x - 12 scrolls of immolation
 y - 3 scrolls of blinking
 J - 5 scrolls of revelation
 K - 13 scrolls of fog
 N - 4 scrolls of silence
Potions
 d - 11 potions of attraction
 g - 25 potions of curing
 i - 7 potions of ambrosia
 s - 12 potions of cancellation
 u - 3 potions of mutation
 v - a potion of berserk rage
 A - 2 potions of enlightenment
 E - 3 potions of resistance
 F - a potion of haste
 O - a potion of heal wounds
 Y - 9 potions of invisibility
Miscellaneous
 n - a figurine of a ziggurat
 z - a tin of tremorstones (2/2)
 L - the horn of Geryon
 M - a lightning rod (4/4)
 Q - a phial of floods
 T - a box of beasts
 X - a phantom mirror


   Skills:
 O Level 27 Fighting
 + Level 21.0 Short Blades
 + Level 22.0 Throwing
 O Level 27 Dodging
 O Level 27 Stealth
 O Level 27 Shields
 O Level 27 Unarmed Combat
 + Level 24.1 Evocations
 O Level 27 Shapeshifting


You had 26 spell levels left.
You didn't know any spells.
Your spell library contained the following spells:

 Spells                   Type           Power      Damage    Failure   Level
 Apportation              Tloc           0%         N/A       28%         1
 Freeze                   Ice            0%         1d3       28%         1
 Magic Dart               Conj           0%         1d3       28%         1
 Necrotise                Necr           0%         1d4       28%         1
 Shock                    Conj/Air       0%         1d3       28%         1
 Slow                     Hex            0%         N/A       28%         1
 Sting                    Conj/Alch      0%         1d3       28%         1
 Blink                    Tloc           0%         N/A       41%         2
 Call Imp                 Summ           0%         N/A       41%         2
 Cigotuvi's Dreadful Rot  Necr/Alch/Air  0%         N/A       41%         2
 Ensorcelled Hibernation  Hex/Ice        0%         N/A       41%         2
 Jinxbite                 Hex            0%         N/A       41%         2
 Lesser Beckoning         Tloc           0%         N/A       41%         2
 Mercury Vapours          Alch/Air       0%         N/A       41%         2
 Momentum Strike          Conj/Tloc      0%         3d8       41%         2
 Scorch                   Fire           0%         2d5       41%         2
 Searing Ray              Conj           0%         2d4       41%         2
 Static Discharge         Conj/Air       0%         3-3/arc   41%         2
 Confusing Touch          Hex            0%         N/A       65%         3
 Dazzling Flash           Conj/Hex       0%         N/A       65%         3
 Frozen Ramparts          Ice            0%         1d1       65%         3
 Fugue of the Fallen      Necr           0%         N/A       65%         3
 Gell's Gravitas          Tloc           0%         N/A       65%         3
 Inner Flame              Hex/Fire       0%         N/A       65%         3
 Mephitic Cloud           Conj/Alch/Air  0%         N/A       65%         3
 Ozocubu's Armour         Ice            0%         N/A       65%         3
 Sigil of Binding         Hex            0%         N/A       65%         3
 Stone Arrow              Conj/Erth      0%         3d7       65%         3
 Summon Ice Beast         Ice/Summ       0%         N/A       65%         3
 Swiftness                Air            0%         N/A       65%         3
 Teleport Other           Tloc           0%         N/A       65%         3
 Tukima's Dance           Hex            0%         N/A       65%         3
 Vampiric Draining        Necr           0%         2d6       65%         3
 Volatile Blastmotes      Fire/Tloc      0%         2d10      65%         3
 Airstrike                Air            0%         2d(0-16)  96%         4
 Anguish                  Hex/Necr       0%         N/A       96%         4
 Animate Dead             Necr           0%         N/A       96%         4
 Brom's Barrelling Bould  Conj/Erth      0%         2d3       96%         4
 Cause Fear               Hex            0%         N/A       96%         4
 Dimensional Bullseye     Hex/Tloc       0%         N/A       96%         4
 Dispel Undead            Necr           0%         3d6       96%         4
 Flame Wave               Conj/Fire      0%         2d4       96%         4
 Fulminant Prism          Conj/Alch      0%         3d5       96%         4
 Ignite Poison            Fire/Alch      0%         N/A       96%         4
 Iskenderun's Mystic Bla  Conj/Tloc      0%         2d3       96%         4
 Leda's Liquefaction      Alch/Erth      0%         N/A       96%         4
 Manifold Assault         Tloc           0%         N/A       96%         4
 Martyr's Knell           Necr/Summ      0%         N/A       96%         4
 Olgreb's Toxic Radiance  Alch           0%         N/A       96%         4
 Passage of Golubria      Tloc           0%         N/A       96%         4
 Petrify                  Alch/Erth      0%         N/A       96%         4
 Sticky Flame             Fire/Alch      0%         2d4       96%         4
 Summon Blazeheart Golem  Fire/Summ      0%         N/A       96%         4
 Summon Lightning Spire   Summ/Air       0%         N/A       96%         4
 Vhi's Electric Charge    Tloc/Air       0%         N/A       96%         4
 Alistair's Intoxication  Alch           0%         N/A       100%        5
 Arcjolt                  Conj/Air       0%         1d10      100%        5
 Borgnjor's Vile Clutch   Necr/Erth      0%         N/A       100%        5
 Curse of Agony           Necr           0%         N/A       100%        5
 Fireball                 Conj/Fire      0%         3d3       100%        5
 Freezing Cloud           Conj/Ice/Air   0%         6-21      100%        5
 Irradiate                Conj/Alch      0%         3d11      100%        5
 Iskenderun's Battlesphe  Conj           0%         2d6       100%        5
 Metabolic Englaciation   Hex/Ice        0%         N/A       100%        5
 Silence                  Hex/Air        0%         N/A       100%        5
 Summon Forest            Summ/Tloc      0%         N/A       100%        5
 Summon Mana Viper        Hex/Summ       0%         N/A       100%        5
 Yara's Violent Unravell  Hex/Alch       0%         3d3       100%        5
 Bombard                  Conj/Erth      0%         9d1       100%        6
 Conjure Ball Lightning   Conj/Air       0%         3x3d6     100%        6
 Death Channel            Necr           0%         N/A       100%        6
 Dispersal                Tloc           0%         N/A       100%        6
 Eringya's Noxious Bog    Alch           0%         4d6       100%        6
 Plasma Beam              Fire/Air       0%         2x1d10    100%        6
 Summon Cactus Giant      Summ           0%         N/A       100%        6
 Enfeeble                 Hex            0%         N/A       100%        7
 Haunt                    Necr/Summ      0%         N/A       100%        7
 Monstrous Menagerie      Summ           0%         N/A       100%        7
 Orb of Destruction       Conj           0%         9d5       100%        7
 Spellforged Servitor     Conj/Summ      0%         N/A       100%        7
 Summon Hydra             Summ           0%         N/A       100%        7
 Borgnjor's Revivificati  Necr           0%         N/A       100%        8
 Discord                  Hex            0%         N/A       100%        8
 Disjunction              Tloc           0%         N/A       100%        8
 Ignition                 Fire           0%         3d3       100%        8
 Lehudib's Crystal Spear  Conj/Erth      0%         10d2      100%        8
 Chain Lightning          Conj/Air       0%         N/A       100%        9
 Death's Door             Necr           0%         N/A       100%        9
 Dragon's Call            Summ           0%         N/A       100%        9
 Fire Storm               Conj/Fire      0%         5d1       100%        9
 Shatter                  Erth           0%         3d5*      100%        9
 Sublimation of Blood     Necr           Unusable   N/A       N/A         2
 Animate Armour           Summ/Erth      Unusable   N/A       N/A         4

Dungeon Overview and Level Annotations

Branches:
Dungeon (15/15)            Temple (1/1) D:6            Lair (5/5) D:8
  Swamp (4/4) Lair:2        Snake (4/4) Lair:2        Slime (5/5) Lair:5
    Orc (2/2) D:9             Elf (3/3) Orc:2        Vaults (5/5) D:14
  Crypt (3/3) Vaults:3       Tomb (3/3) Crypt:3      Depths (4/4) D:15
   Hell (visited)             Dis (7/7) Hell            Geh (7/7) Hell
    Coc (7/7) Hell            Tar (7/7) Hell            Zot (5/5) Depths:4
  Sewer (visited)         Ossuary (visited)          Bailey (visited)

Altars:
Ashenzari
Cheibriados
Dithmenos
Elyvilon
Fedhas
Gozag
Hepliaklqana
Kikubaaqudgha
Makhleb
Nemelex Xobeh
Okawaru
Qazlal
Ru
Sif Muna
Trog
Uskayaw
Vehumet
Wu Jian
Xom
Yredelemnul
Zin
The Shining One
Lugonu

Shops:
D:12 !   Orc:2 *:(*   Elf:1 *   Snake:2 :=!:=   Snake:3 *   Vaults:2 (
Vaults:3 [[   Vaults:4 (   Zot:3 *   Depths:1 :==

Portals:
Hell: Depths:1 Depths:2 Depths:3 Depths:4
Abyss: Geh:3 Depths:3
Pandemonium: Depths:2 Depths:3 Depths:4
Ziggurat: Depths:1

Annotations:
D:5 2 runed translucent doors
Depths:2 3 runed translucent doors, Toomeure's ghost, veteran BaHs


Innate Abilities, Weirdness & Mutations

You are a living statue of rough stone.
Your actions are slow, but your melee attacks are powerful.
You are resistant to unholy torment.
Your maximum health is greatly increased.
You cannot wear most types of armour.
You are amphibious.
You can wear up to eight rings at the same time.
You are immune to poison.
Your skin changes colour to match your surroundings (Stealth+).
((Your rubbery body absorbs attacks. (AC +1, EV +1)))
((You are camouflaged when in or above water. (Stealth+)))
You have tentacles for arms and can constrict up to eight enemies at once.
You are strong-willed. (Will+)
You are robust. (+10% HP)
You are weak. (Str -2)
Potions are less effective at restoring your health.


Message History

You lunge at the hell hog, in a flurry of attacks.
You thrash the hell hog!!!!
You kill the hell hog!
The Council accepts your kill.
You spin and attack the hell hog repeatedly.
You barely miss the hell hog. You thrash the hell hog!!!!
You kill the hell hog!
The Council accepts your kill.
You spin and attack the hell hog repeatedly.
You tentacle-slap the hell hog. You grab the hell hog.
The hell hog is lightly wounded.
You thrash the hell hog!!!!
You kill the hell hog!
The Council accepts your kill.
A hellion comes into view.
Unknown command.
You spin and attack the hell hog repeatedly.
You thrash the hell hog!!!
You kill the hell hog!
The Council accepts your kill. The hellion gestures at you.
The sphere of damnation explodes!
The damnation engulfs you!!
A hellwing comes into view.
You lunge at the hellwing, in a flurry of attacks.
You thrash the hellwing!!!!
You kill the hellwing!
The Council accepts your kill. You block the hellion's attack.
Unknown command.
You spin and attack the hellion repeatedly.
You thrash the hellion!!!!
You kill the hellion!
The Council accepts your kill.
Your Throwing skill increases to level 22!
Unknown command.
You start resting.
HP restored.
There is a staircase leading out of the dungeon here.
You can't go down here!
You have escaped!

..........#.....>....#...........
..........##.........#...........
######....##....######...........
................# ###...######
.............#### #####...#
.............# ####.......#
........##...####..........#
......#########...#........#
####### #.8.#........#
#...#.##.....# #####.##...###
#........# ##########


There were no monsters in sight!

Vanquished Creatures
  Cerebov (Pan)
  Antaeus (Coc:7)
  Asmodeus (Geh:7)
  Ereshkigal (Tar:7)
  the Royal Jelly (Slime:5)
  Ignacio (Pan)
  Gloorx Vloq (Pan)
  Mnoleg (Pan)
  A seraph (Pan)
  Lom Lobon (Pan)
  the Serpent of Hell (Coc:7)
  Frederick (Vaults:4)
  Khufu (Tomb:3)
  9 ancient liches
  5 dread liches
  Dispater (Dis:7)
  2 orbs of fire (Zot:5)
  Mara (Swamp:3)
  4 juggernauts
  Mennas (Pan)
  13 pandemonium lords
  Sojobo (Crypt:2)
  15 royal mummies
  Boris (Crypt:2)
  30 shard shrikes
  39 caustic shrikes
  9 Killer Klowns (Zot:5)
  A curse toe (Zot:5)
  Geryon (Hell)
  6 golden dragons
  Nikola (Elf:2)
  7 profane servitors
  16 bone dragons
  A pearl dragon (Pan)
  A spectral shard shrike (Tar:4)
  24 Brimstone Fiends
  13 doom hounds
  3 electric golems
  40 Hell Sentinels
  20 tentacled monstrosities
  9 iron giants
  Jorgrun (Swamp:3)
  Rupert (Lair:4)
  26 Tzitzimimeh
  11 hellephants
  25 Orb Guardians
  9 tainted leviathans
  38 Ice Fiends
  9 liches
  2 walking frostbound tomes
  A deep elf blademaster (Elf:3)
  13 titans
  Grunn (Zot:1)
  31 searing wretches
  3 deep elf master archers (Elf:3)
  Murray (Hell)
  19 acid blobs
  6 quicksilver dragons
  12 tentacled starspawn
  55 ancient champions
  34 Executioners (Pan)
  12 sphinxes
  A thorn hunter (Swamp:2)
  Agnes (D:15)
  8 death cobs
  11 storm dragons
  11 shadow dragons
  Roxanne (D:15)
  Donald (Swamp:4)
  5 revenants
  18 azure jellies
  7 tengu reavers
  Aizul (Elf:1)
  9 draconian knights
  A fenstrider witch (Pan)
  14 daevas (Pan)
  11 draconian monks
  12 narguns
  7 protean progenitors
  4 nagarajas
  11 quicksilver elementals
  20 fire giants
  9 demonspawn warmongers (Pan)
  12 rockslimes
  5 draconian shifters
  19 vault wardens
  10 draconian scorchers
  A spectral juggernaut (Tar:6)
  12 frost giants
  11 deep elf sorcerers
  12 iron dragons
  4 ghost moths
  52 balrugs
  14 demonspawn corrupters (Pan)
  Louise (D:15)
  7 deep elf elementalists
  6 curse skulls
  2 ghouls (Crypt:2)
  3 draconian stormcallers
  2 orc warlords
  2 spectral caustic shrikes
  30 ironbound preservers
  5 juggernaut skeletons (Pan)
  8 shard shrike simulacra
  23 angels
  31 reapers
  3 spriggan defenders
  34 cacodemons
  5 draconian annihilators
  5 caustic shrike skeletons
  10 demonspawn blood saints (Pan)
  10 ophanim
  22 very ugly things
  19 stone giants
  4 formless jellyfish
  8 quicksilver oozes
  10 ironbound thunderhulks
  22 apis (Pan)
  7 vampire knights
  10 green draconians
  14 black draconians
  8 putrid mouths
  22 dire elephants
  2 eleionomae
  13 lorocyprocas
  9 deep elf demonologists
  23 elemental wellsprings
  12 deep elf death magi
  14 demonspawn black suns (Pan)
  14 bennus
  A spectral titan (Tar:2)
  30 war gargoyles
  16 deep elf annihilators
  3 bunyips
  8 spark wasps
  16 purple draconians
  18 white draconians
  22 wendigos
  15 red draconians
  Snorg (Orc:2)
  12 yellow draconians
  18 green deaths
  11 eidola
  12 ettins
  23 blizzard demons
  A merfolk impaler (Abyss:4)
  5 jiangshi
  2 spectral spriggans
  27 mummy priests
  A merfolk javelineer (Depths:3)
  10 iron golems
  A crystal guardian (Vaults:2)
  9 deep elf high priests
  A quicksilver dragon zombie (D:15)
  10 fire dragons
  2 entropy weavers
  6 spriggan zombies
  The ghost of LoggersVIII the Unseen, a journeyman OpEE (Lair:2)
  16 great orbs of eyes
  19 ice dragons
  33 vault guards
  Erolcha (D:9)
  A peacekeeper (Vaults:2)
  10 rakshasas
  3 spriggan skeletons (Crypt:3)
  7 ogre magi
  Harold (D:9)
  15 hydras
  21 yaktaur captains
  3 ghost crabs
  A sphinx zombie (D:15)
  3 spriggan air magi
  A shambling mangrove (Swamp:1)
  11 centaur warriors
  6 hell beasts
  10 salamander tyrants
  2 merfolk aquamancers (Pan)
  7 alligators
  3 catoblepae
  13 caustic shrike simulacra
  3 jorogumos (Pan)
  13 two-headed ogres
  3 juggernaut simulacra
  18 ironbound frosthearts
  11 boulder beetles
  11 stokers
  4 anacondas
  30 dancing weapons
  The ghost of Sabo the Basher, a journeyman GrMo of Makhleb (D:12)
  2 death knights
  A spectral stone giant (Tar:4)
  20 naga warriors
  65 death scarabs
  3 deep troll earth magi
  6 tengu warriors
  22 thrashing horrors
  33 hell hogs
  3 orc high priests (Orc:2)
  14 naga sharpshooters
  7 deep troll shamans
  4 spriggan berserkers
  2 vampire magi
  32 demonic crawlers
  A bennu skeleton (Crypt:1)
  2 titan skeletons
  Sonja (Lair:3)
  36 soul eaters
  A titan zombie (Crypt:3)
  10 crystal echidnas
  26 hell knights
  4 bunyip zombies (Crypt:3)
  4 iron trolls
  An emperor scorpion zombie (Crypt:1)
  9 shock serpents
  21 deep elf knights
  130 sun demons
  A fire crab (shapeshifter) (Depths:2)
  7 hellephant skeletons (Pan)
  A fire crab (Lair:5)
  3 storm dragon zombies
  9 wretched stars
  34 sixfirhies
  A spatial maelstrom (Abyss:3)
  22 skeletal warriors
  2 skysharks
  A death drake (shapeshifter) (Vaults:5)
  11 shadow wraiths
  3 salamander mystics
  5 quicksilver dragon simulacra
  Lodul (D:13)
  6 goliath frogs
  10 cherubim (Pan)
  3 spectral anacondas
  An orb spider (Abyss:4)
  A mana viper (shapeshifter) (Vaults:5)
  12 arcanists
  4 spriggan druids
  6 flayed ghosts
  87 deep trolls
  2 spectral hydras
  7 deep elf archers (Elf:1)
  5 glowing orange brains
  12 mana vipers
  A deep troll (shapeshifter) (Depths:1)
  A sea snake (shapeshifter) (Depths:1)
  14 swamp dragons
  10 naga ritualists
  An anaconda skeleton (Tomb:3)
  22 shadow demons (Pan)
  5 spriggan simulacra
  2 bog bodies
  8 harpies
  19 phantasmal warriors
  12 sun moths (Pan)
  2 golden dragon skeletons
  An alligator zombie (Hell)
  18 ironbound convokers
  13 lindwurms
  A lindwurm (shapeshifter) (D:14)
  2 lightning spires (Abyss:4)
  33 deep elf pyromancers
  23 necromancers
  24 deep elf zephyrmancers
  A fenstrider witch simulacrum (Coc:2)
  17 orc knights
  A steelbarb worm (shapeshifter) (Depths:2)
  5 shining eyes
  Maurice (D:10)
  4 orc sorcerers
  2 wolf spiders (Crypt:3)
  28 ugly things
  An alligator skeleton (Hell)
  18 moths of wrath
  11 salamanders
  10 elephants
  A tengu skeleton (Depths:1)
  4 will-o-the-wisps
  5 worldbinders
  6 cyclopes
  A meliai (D:13)
  3 guardian serpents
  4 kobold blastminers
  2 manticores
  A spectral centaur (Tar:1)
  A stone giant skeleton (Crypt:3)
  73 large abominations
  A centaur zombie (Crypt:3)
  6 eyes of devastation
  3 ice statues
  An elephant (shapeshifter) (Vaults:5)
  4 rust devils
  2 iron dragon skeletons
  55 black mambas
  2 black mambas (shapeshifter)
  18 naga magi
  3 titan simulacra
  57 smoke demons
  21 vault sentinels
  4 gargoyles
  5 molten gargoyles
  13 komodo dragons
  10 cane toads
  An emperor scorpion simulacrum (Crypt:1)
  A storm dragon simulacrum (Coc:1)
  3 water nymphs (shapeshifter)
  A dire elephant skeleton (Crypt:3)
  3 naga skeletons
  27 orange demons
  4 bunyip simulacra (Coc:2)
  A pale draconian zombie (Crypt:1)
  5 kobold demonologists (D:12)
  3 unseen horrors
  4 tengu conjurers
  A death yak zombie (Crypt:2)
  16 efreet
  A sea snake zombie (Hell)
  38 hellions
  Maggie (D:10)
  A centaur skeleton (Crypt:3)
  4 rime drakes
  24 tormentors
  A black draconian zombie (Crypt:1)
  56 yaktaurs
  5 iron giant simulacra
  8 harpy zombies
  2 ice devils
  10 anaconda simulacra
  14 freezing wraiths
  A rime drake (shapeshifter) (D:13)
  2 golden dragon simulacra
  43 guardian mummies
  2 spectral harpies
  7 trolls
  A queen bee (shapeshifter) (Elf:1)
  8 red devils
  A silent spectre (Tar:6)
  30 hellwings
  8 ancient zymes
  A hydra zombie (Hell)
  2 bloated husks
  An alligator simulacrum (Hell)
  9 tyrant leeches
  4 polar bears
  2 hornets (shapeshifter)
  A wolf spider simulacrum (D:15)
  An iron dragon simulacrum (Coc:6)
  3 glass eyes (Slime:5)
  25 blink frogs
  5 harpy skeletons
  A tarantella (Vaults:4)
  12 hornets
  30 raiju
  A frost giant simulacrum (Depths:1)
  A glass eye (shapeshifter) (Depths:2)
  A hydra skeleton (Hell)
  15 dream sheep
  An ettin zombie (Abyss:4)
  2 stone giant simulacra
  5 jumping spiders (Crypt:3)
  2 air elementals (Elf:1)
  4 centaur simulacra
  2 ettin skeletons
  110 slime creatures
  13 ushabtiu
  A yak (shapeshifter) (D:15)
  6 dire elephant simulacra
  A black mamba zombie (Tomb:1)
  11 spriggans
  7 water elementals
  12 wraiths
  41 yaks
  3 shadows
  4 vampires
  47 ynoxinuls
  2 fire bats (Lair:2)
  20 golden eyes
  8 wyverns
  6 wargs
  A fire elemental (Elf:3)
  4 steam dragons
  9 basilisks
  3 redbacks
  9 vampire mosquitoes
  43 neqoxecs
  32 starcursed masses
  11 harpy simulacra
  57 chaos spawn
  An acid dragon (shapeshifter) (Elf:3)
  A wind drake skeleton (Crypt:1)
  A spatial vortex (Abyss:3)
  53 nagas
  A glowing shapeshifter zombie (Crypt:1)
  2 naga zombies
  17 swamp worms
  14 small abominations
  2 acid dragons
  21 water moccasins
  8 hell hounds
  A faun skeleton (Crypt:1)
  7 swamp drakes
  27 orc warriors
  5 black bears
  6 ettin simulacra
  45 laughing skulls
  A sky beast (D:8)
  2 ice beasts
  14 ogres
  10 wolves
  An ogre (shapeshifter) (Elf:2)
  10 centaurs
  Blork the orc (D:6)
  4 weeping skulls
  11 kobold brigands
  11 bullfrogs
  An earth elemental (Elf:3)
  2 necrophages (Crypt:2)
  3 scorpions
  A komodo dragon skeleton (Crypt:1)
  2 brain worms
  2 gnoll sergeants
  5 wights (D:8)
  6 wyvern skeletons (Crypt:3)
  8 killer bees
  2 howler monkeys (D:9)
  An electric eel (D:15)
  3 bombardier beetles
  7 lava snakes
  3 bullfrog zombies
  13 orc priests
  16 jellies
  3 hounds
  2 gnoll boudas
  2 iron imps
  A sleepcap (D:5)
  48 mummies
  7 iguanas
  32 orc wizards
  11 hell rats
  A killer bee zombie (Ossuary)
  3 crocodile zombies (Ossuary)
  4 hound zombies (Ossuary)
  3 howler monkey zombies (Ossuary)
  18 gnolls
  A steam dragon zombie (Crypt:2)
  13 adders
  3 river rats (Sewer)
  A swamp drake skeleton (Crypt:2)
  A shadow imp (D:7)
  7 white imps
  4 ufetubi
  2 iguana skeletons (Crypt:2)
  A lava snake skeleton (Crypt:2)
  3 ribbon worms
  4 dart slugs
  83 orcs
  11 endoplasms
  3 giant cockroaches
  A gnoll zombie (Crypt:2)
  5 goblins (D:1)
  9 hobgoblins
  16 jackals
  7 quokkas
  4 ball pythons
  2 ball python zombies (Ossuary)
  5 bats (D:1)
  3 frilled lizards
  A gnoll skeleton (Crypt:2)
  9 kobolds
  10 rats
  A rat skeleton (Crypt:1)
  A spectral orc (D:7)
  5 aspiring fleshes
  A ball lightning (Pan)
  6 creeping infernos
  7 fire vortices
  A foxfire (Abyss:3)
  3 lurking horrors
  5 starspawn tentacles
  2 tentacles (Abyss:4)
4887 creatures vanquished.

Vanquished Creatures (collateral kills)
  the Lernaean hydra (Swamp:4)
  A hydra (Swamp:4)
  A swamp dragon (Swamp:4)
3 creatures vanquished.

Vanquished Creatures (others)
  A pandemonium lord (Pan)
  A lich (D:14)
  2 eldritch tentacles
  A fire giant (Geh:4)
  A demonspawn black sun (Pan)
  A soul eater (Pan)
  A sun demon (Pan)
  An anaconda zombie (Hell)
  A spriggan simulacrum (Coc:7)
  A fenstrider witch simulacrum (Coc:1)
  An orange demon (Pan)
  An iron giant simulacrum (Coc:5)
  A hornet (Swamp:3)
  A stone giant simulacrum (Coc:7)
  A dire elephant simulacrum (Coc:1)
  A ynoxinul (Pan)
  A neqoxec (Pan)
  4 harpy simulacra
  A small abomination (Abyss:4)
  A weeping skull (Abyss:4)
  A white imp (Abyss:4)
  5 ball lightnings (Pan)
  5 foxfires
  A lurking horror (Geh:3)
  15 starspawn tentacles
  2 tentacles (Abyss:4)
53 creatures vanquished.

Grand Total: 4943 creatures vanquished

Notes
Turn   | Place    | Note
-------+----------+-------------------------------------------
     0 | D:1      | MollyMolluskus the Octopode Fighter began the quest for the
                  | Orb.
     0 | D:1      | Reached XP level 1. HP: 16/16 MP: 1/1
    70 | D:1      | Reached XP level 2. HP: 14/21 MP: 2/2
   182 | D:1      | Reached skill level 1 in Stealth
   272 | D:1      | Reached XP level 3. HP: 26/26 MP: 3/3
   788 | D:1      | Reached XP level 4. HP: 31/31 MP: 4/4
  1102 | D:2      | Found a sparkling altar of Nemelex Xobeh.
  1380 | D:2      | Found a faded altar of an unknown god.
  1898 | D:3      | Found a glowing drain.
  1906 | D:3      | Reached XP level 5. HP: 31/36 MP: 5/5
  1943 | Sewer    | Entered a sewer
  2439 | D:3      | Identified the +1 flail of Gloom {flame, Will+}
  2505 | D:3      | Found a sparkling altar of Nemelex Xobeh.
  2642 | D:3      | Found Ucicaorch's Distillery.
  2658 | D:3      | Reached XP level 6. HP: 14/43 MP: 6/6
  2784 | D:3      | Bought a potion of degeneration for 14 gold pieces
  2784 | D:3      | Bought a potion of enlightenment for 70 gold pieces
  3361 | D:4      | Noticed a black bear
  3382 | D:4      | Killed a black bear
  3388 | D:4      | Reached XP level 7. HP: 35/48 MP: 7/7
  3765 | D:5      | Entered Level 5 of the Dungeon
  3767 | D:5      | Found a sand-covered staircase.
  3788 | Ossuary  | Entered an ossuary
  3796 | Ossuary  | Reached skill level 5 in Unarmed Combat
  4010 | Ossuary  | Reached XP level 8. HP: 34/54 MP: 8/8
  4143 | Ossuary  | Reached skill level 5 in Fighting
  4404 | D:5      | Reached skill level 5 in Dodging
  4860 | D:5      | Found a large runed translucent door.
  4860 | D:5      | Found a large runed translucent door.
  4862 | D:5      | Noticed a wraith
  4869 | D:5      | Found a large runed translucent door.
  4869 | D:5      | Found a large runed translucent door.
  4916 | D:5      | Identified the +2 war axe "Jellyslayer" {freeze, rN+ SInv
                  | Stlth-}
  5228 | D:5      | Reached XP level 9. HP: 32/62 MP: 9/9
  5333 | D:5      | Identified the +1 quarterstaff of Buplegyr {freeze, Will+}
  5987 | D:6      | Noticed Blork the orc
  6002 | D:6      | Killed Blork the orc
  6190 | D:6      | Found a staircase to the Ecumenical Temple.
  6196 | Temple   | Entered the Ecumenical Temple
  6227 | Temple   | Became a worshipper of the Wu Jian Council
  6513 | D:6      | Found a stormy altar of Qazlal.
  6908 | D:7      | Noticed a hornet
  6914 | D:7      | Killed a hornet
  7094 | D:7      | Reached XP level 10. HP: 71/71 MP: 10/10
  7123 | D:7      | Found a glowing golden altar of the Shining One.
  7144 | D:7      | Reached * piety under Wu Jian
  7207 | D:7      | Reached skill level 10 in Unarmed Combat
  7392 | D:7      | Found a blossoming altar of Fedhas.
  7472 | D:7      | Found a basalt altar of Yredelemnul.
  8432 | D:8      | Found a bloodstained altar of Trog.
  8551 | D:8      | Found a staircase to the Lair.
  8705 | D:8      | Found a broken altar of Ashenzari.
  8705 | D:8      | Found a snail-covered altar of Cheibriados.
  8750 | D:8      | Reached skill level 1 in Shapeshifting
  8904 | D:8      | Found a burning altar of Makhleb.
  8904 | D:8      | Found a faded altar of an unknown god.
  8909 | D:8      | Found a glowing silver altar of Zin.
  8911 | D:8      | Reached ** piety under Wu Jian
  9018 | D:8      | Found a hide-covered altar of Uskayaw.
  9020 | D:8      | Found a sacrificial altar of Ru.
  9080 | D:8      | Got the Vellum of Nightshade and the Wind
  9503 | D:9      | Found a flagged portal.
  9562 | Bailey   | Entered a bailey
  9685 | Bailey   | Reached XP level 11. HP: 73/78 MP: 11/11
  9795 | Bailey   | Noticed an orc knight
  9795 | Bailey   | Noticed an orc knight
  9799 | Bailey   | Killed an orc knight
  9802 | Bailey   | Killed an orc knight
  9809 | Bailey   | Identified the +2 hand axe of Uncertain Death {holy, rF++
                  | rC+ Str-4}
  9878 | D:9      | Found a hazy altar of Hepliaklqana.
  9917 | D:9      | Reached *** piety under Wu Jian
 10118 | D:9      | Found a staircase to the Orcish Mines.
 10196 | D:9      | Noticed Harold
 10206 | D:9      | Killed Harold
 10372 | D:9      | Noticed Erolcha
 10386 | D:9      | Killed Erolcha
 10843 | D:9      | Identified the +8 dagger of Untimely Demise {speed, rC+
                  | Int+2}
 11001 | D:3      | Bought a potion of resistance for 140 gold pieces
 11001 | D:3      | Bought a potion of haste for 140 gold pieces
 11129 | D:10     | Entered Level 10 of the Dungeon
 11129 | D:10     | Noticed Maurice
 11133 | D:10     | Maurice stole a +4 dagger
 11136 | D:10     | Maurice stole 20 poisoned darts
 11137 | D:10     | Maurice stole a ring of ice
 11138 | D:10     | Killed Maurice
 11281 | D:10     | Noticed Maggie
 11305 | D:10     | Reached skill level 1 in Short Blades
 11306 | D:10     | Killed Maggie
 11812 | D:11     | Noticed a boulder beetle
 11840 | D:10     | Killed a boulder beetle
 11841 | D:10     | Reached skill level 5 in Shapeshifting
 11841 | D:10     | Reached XP level 12. HP: 67/86 MP: 12/12
 12438 | D:3      | Bought a potion of curing for 42 gold pieces
 12438 | D:3      | Bought a potion of curing for 42 gold pieces
 12575 | D:11     | Noticed a boulder beetle
 12586 | D:11     | Killed a boulder beetle
 12587 | D:11     | Reached XP level 13. HP: 72/92 MP: 13/13
 12984 | D:12     | Reached **** piety under Wu Jian
 13099 | D:12     | Reached skill level 10 in Fighting
 13379 | D:12     | Found a runed translucent gate.
 13386 | D:12     | Found a runed translucent gate.
 13386 | D:12     | Found a runed translucent gate.
 13388 | D:12     | Noticed Sabo's ghost (journeyman GrMo)
 13391 | D:12     | Found Bahuomp's Distillery.
 14260 | Lair:1   | Entered Level 1 of the Lair of Beasts
 14269 | D:8      | Reached skill level 10 in Shapeshifting
 14503 | Lair:1   | Reached skill level 5 in Short Blades
 15377 | Lair:2   | Found a staircase to the Swamp.
 15520 | Lair:2   | Reached ***** piety under Wu Jian
 16124 | Lair:2   | Noticed LoggersVIII's ghost (journeyman OpEE)
 16132 | Lair:2   | Found a runed translucent gate.
 16132 | Lair:2   | Found a runed translucent gate.
 16132 | Lair:2   | Found a runed translucent gate.
 16187 | Lair:2   | Found a staircase to the Snake Pit.
 16752 | Lair:2   | Reached XP level 14. HP: 101/101 MP: 14/14
 17554 | Lair:3   | Noticed Sonja
 17558 | Lair:3   | Killed Sonja
 18534 | Lair:4   | Identified a scroll of acquirement
 18535 | Lair:4   | Acquired the +3 crown of Dyrovepreva {rElec Int+2 SInv}
 18535 | Lair:4   | Found the +3 crown of Dyrovepreva {rElec Int+2 SInv}
 18560 | Lair:4   | Reached skill level 15 in Unarmed Combat
 19090 | Lair:4   | Found a runed translucent door.
 19363 | Lair:4   | Noticed Rupert
 19371 | Lair:4   | Killed Rupert
 19730 | Lair:4   | Identified the ring of the Narrow Peach {*Slow rCorr Str+5}
 19800 | Lair:5   | Entered Level 5 of the Lair of Beasts
 19839 | Lair:5   | Found a staircase to the Slime Pits.
 20441 | Lair:5   | Reached XP level 15. HP: 109/109 MP: 15/15
 20933 | Lair:5   | Found a large runed translucent door.
 20934 | Lair:5   | Found a large runed translucent door.
 21731 | D:13     | Identified the +3 broad axe of the Keeping Queen {speed,
                  | ^Fragile rPois rCorr MP+9}
 21736 | D:13     | Identified the +7 dire flail "Bihosaun" {heavy, rElec rF+
                  | Str+3 Int+3}
 21737 | D:13     | Identified the ring of Luotrul {Fly rElec rCorr Int+4
                  | Slay-3}
 21777 | D:13     | Identified the ring of Magref {rF+ rCorr Int+3 Dex+6}
 21869 | D:13     | Noticed Lodul
 21880 | D:13     | Killed Lodul
 22640 | D:14     | Found an ancient bone altar of Kikubaaqudgha.
 23175 | D:14     | Found a gate to the Vaults.
 23180 | D:14     | Reached XP level 16. HP: 84/117 MP: 16/16
 23445 | D:15     | Entered Level 15 of the Dungeon
 23664 | D:15     | Noticed Agnes
 23670 | D:15     | Killed Agnes
 23731 | D:15     | Noticed Louise
 23736 | D:15     | Killed Louise
 23869 | D:15     | Found a staircase to the Depths.
 24538 | D:15     | Noticed Roxanne
 24549 | D:15     | Killed Roxanne
 24940 | Orc:1    | Entered Level 1 of the Orcish Mines
 25346 | Orc:2    | Entered Level 2 of the Orcish Mines
 25398 | Orc:2    | Noticed Snorg
 25487 | Orc:2    | Killed Snorg
 25789 | Orc:2    | Found a staircase to the Elven Halls.
 25802 | Orc:2    | Found Cefruippoq's General Store.
 25802 | Orc:2    | Found Bawkeo's General Store.
 25804 | Orc:2    | Found Pagin's Weapon Shop.
 25804 | Orc:2    | Found Ullyng's Book Emporium.
 26336 | Orc:2    | Bought a potion of heal wounds for 85 gold pieces
 26336 | Orc:2    | Bought a scroll of teleportation for 51 gold pieces
 26347 | Orc:2    | Bought a box of beasts for 680 gold pieces
 26564 | Swamp:1  | Entered Level 1 of the Swamp
 26677 | Swamp:1  | Reached XP level 17. HP: 126/126 MP: 17/17
 27336 | Swamp:2  | Identified the +0 trident of Xom, Uplifting {chaos, rF+ rN+
                  | Dex+2 Stlth-}
 27382 | Swamp:2  | Reached skill level 15 in Fighting
 28182 | Swamp:3  | Noticed Jorgrun
 28192 | Swamp:3  | Killed Jorgrun
 28303 | Swamp:3  | Noticed Mara
 28311 | Swamp:3  | Noticed MollyMolluskus's illusion
 28316 | Swamp:3  | Killed Mara
 28707 | Swamp:4  | Entered Level 4 of the Swamp
 28981 | Swamp:4  | Noticed Donald
 28985 | Swamp:4  | Noticed a tentacled monstrosity
 28991 | Swamp:4  | Killed Donald
 28994 | Swamp:4  | Killed a tentacled monstrosity
 29455 | Swamp:4  | Noticed the 27-headed Lernaean hydra
 29460 | Swamp:4  | Killed the 27-headed Lernaean hydra
 29461 | Swamp:4  | Reached XP level 18. HP: 105/135 MP: 18/18
 29549 | Swamp:4  | Got a decaying rune of Zot
 29851 | Elf:1    | Entered Level 1 of the Elven Halls
 29949 | Elf:1    | Found Ynluut's General Store.
 29958 | Elf:1    | Identified the serpent talisman of Parlour Games {rF+ Str+3
                  | Int+3 Stlth+}
 29958 | Elf:1    | Noticed Aizul
 29968 | Elf:1    | Killed Aizul
 30111 | Elf:1    | Paralysed by an air elemental for 1 turns
 30135 | Elf:1    | Reached skill level 15 in Shapeshifting
 30335 | Elf:1    | Got the Octavo of the Throng
 30479 | Elf:1    | You are sucked into a shaft and drop 1 floor!
 30479 | Elf:2    | Found a runed translucent gate.
 30479 | Elf:2    | Found a runed translucent gate.
 30595 | Elf:1    | Found a shimmering blue altar of Sif Muna.
 31212 | Elf:2    | Found a runed translucent gate.
 31451 | Elf:2    | Identified the +0 pair of gloves "Qanadgh" {rPois Int+3}
 31451 | Elf:2    | Noticed Nikola
 31462 | Elf:2    | Killed Nikola
 32118 | Snake:1  | Entered Level 1 of the Snake Pit
 32193 | Snake:1  | Reached XP level 19. HP: 143/143 MP: 19/19
 33027 | Snake:2  | Found Riloaz's Book Shoppe.
 33040 | Snake:2  | Found Elin's Jewellery Emporium.
 33041 | Snake:2  | Found Tify's Distillery.
 33077 | Snake:2  | Bought a potion of invisibility for 128 gold pieces
 33077 | Snake:2  | Bought a potion of haste for 160 gold pieces
 33083 | Snake:2  | Found Tofrim's Book Boutique.
 33222 | Snake:2  | Found Cusmu's Jewellery Shop.
 33232 | Snake:2  | Bought the ring of Liapt {rElec rPois rF+ Str+4 Int-4} for
                  | 648 gold pieces
 34212 | D:12     | Bought 2 potions of haste for 280 gold pieces
 34212 | D:12     | Bought a potion of might for 56 gold pieces
 34225 | D:12     | Killed Sabo's ghost
 34435 | Lair:2   | Killed LoggersVIII's ghost
 34596 | Snake:3  | Reached skill level 1 in Evocations
 34611 | Snake:3  | Found Tiajasky's General Store.
 34639 | Snake:3  | Bought a scroll of enchant armour for 142 gold pieces
 35519 | Snake:4  | Entered Level 4 of the Snake Pit
 35522 | Snake:4  | Reached skill level 5 in Stealth
 35664 | Snake:4  | Reached skill level 5 in Shields
 35666 | Snake:4  | Reached XP level 20. HP: 151/151 MP: 20/20
 35698 | Snake:4  | Got a serpentine rune of Zot
 36026 | Snake:4  | Reached ****** piety under Wu Jian
 36175 | Snake:4  | Identified the +4 scale mail of Tortelloni {rElec}
 36938 | Elf:3    | Entered Level 3 of the Elven Halls
 37541 | Elf:3    | Identified the +8 rapier "Piyco" {freeze, Will+ Str+2}
 37544 | Elf:3    | Identified the ring of Fun {rElec Will+ SInv}
 37546 | Elf:3    | Identified the +2 ring mail "Raerghod" {rElec rC+ Dex+2}
 37552 | Elf:3    | Reached skill level 5 in Evocations
 37681 | Elf:3    | Found the +5 moon troll leather armour {Spirit, Regen++
                  | MP+5}
 37709 | Elf:3    | Identified the amulet "Ofehaphi" {Acrobat rF+ Str+7}
 37865 | Elf:3    | Got Munepai's Papyrus of Cinders
 38257 | Vaults:1 | Entered Level 1 of the Vaults
 38260 | Vaults:1 | Reached XP level 21. HP: 158/158 MP: 21/21
 38589 | Vaults:1 | Reached skill level 10 in Dodging
 39390 | Vaults:2 | Reached skill level 10 in Stealth
 40377 | Vaults:2 | Found Xonoec's Weapon Emporium.
 40590 | Vaults:2 | Reached XP level 22. HP: 166/166 MP: 22/22
 41105 | Vaults:3 | Found Muri's Armour Shop.
 41174 | Vaults:3 | Acquired the +3 warlock's mirror {omnireflect}
 41174 | Vaults:3 | Found the +3 warlock's mirror {omnireflect}
 41188 | Vaults:3 | Acquired 438 gold pieces
 41190 | Vaults:3 | Acquired the +2 shield of Resistance {rF++ rC++ Will++}
 41190 | Vaults:3 | Found the +2 shield of Resistance {rF++ rC++ Will++}
 41215 | Vaults:3 | You fall into a shaft and drop 1 floor!
 41276 | Vaults:3 | Found Vixkoul's Armour Emporium.
 41806 | Vaults:3 | Found a staircase to the Crypt.
 42296 | Vaults:4 | Reached XP level 23. HP: 172/172 MP: 23/23
 42540 | Vaults:4 | Upgraded the game from 0.31.0-11-ge490571c62 to
                  | 0.31.0-12-g77e489cdc1
 42548 | Vaults:4 | Found Muynat's Antique Weapon Emporium.
 42932 | Vaults:4 | Identified the orb "Utudgh" {*channel, Str+3}
 42932 | Vaults:4 | Noticed Frederick
 42939 | Vaults:4 | Killed Frederick
 43338 | Depths:1 | Entered Level 1 of the Depths
 43382 | Depths:1 | Found a gateway to Hell.
 43973 | Depths:1 | Found Rucsidgh Ytor's Book Shop.
 43973 | Depths:1 | Found Nodghan's Jewellery Emporium.
 43974 | Depths:1 | Found Yxzienir's Jewellery Emporium.
 43980 | Depths:1 | Bought the ring of Shadows {Umbra +Inv Stlth+} for 560 gold
                  | pieces
 43980 | Depths:1 | Found the ring of Shadows {Umbra +Inv Stlth+}
 44294 | Orc:2    | Bought 3 silver javelins for 351 gold pieces
 44696 | Depths:1 | Found a glowing silver altar of Zin.
 44705 | Depths:1 | Found a one-way gateway to a ziggurat.
 45160 | Depths:2 | Reached skill level 10 in Shields
 45160 | Depths:2 | Reached skill level 10 in Evocations
 45209 | Depths:2 | Noticed a golden dragon
 45219 | Depths:2 | Killed a golden dragon
 45442 | Depths:2 | Reached XP level 24. HP: 180/180 MP: 23/23
 45449 | Depths:2 | Found a one-way gate leading to the halls of Pandemonium.
 45576 | Depths:2 | Found a runed translucent gate.
 45576 | Depths:2 | Found a runed translucent gate.
 45576 | Depths:2 | Found a runed translucent gate.
 45577 | Depths:2 | Noticed Toomeure's ghost (veteran BaHs)
 45978 | Depths:3 | Noticed a juggernaut
 45985 | Depths:3 | Killed a juggernaut
 46197 | Depths:3 | Found a one-way gate to the infinite horrors of the Abyss.
 46725 | Depths:3 | Identified the +6 ring mail of Xyugyam {MP+9}
 47007 | Depths:4 | Entered Level 4 of the Depths
 47007 | Depths:4 | Noticed a caustic shrike
 47007 | Depths:4 | Noticed a caustic shrike
 47007 | Depths:4 | Noticed a caustic shrike
 47007 | Depths:4 | Noticed a caustic shrike
 47009 | Depths:4 | Killed a caustic shrike
 47011 | Depths:4 | Killed a caustic shrike
 47012 | Depths:4 | Killed a caustic shrike
 47012 | Depths:4 | Killed a caustic shrike
 47222 | Depths:4 | Reached skill level 15 in Stealth
 47278 | Depths:4 | Found a gate to the Realm of Zot.
 48741 | Vaults:5 | Entered Level 5 of the Vaults
 48758 | Vaults:5 | Reached XP level 25. HP: 189/189 MP: 23/23
 49144 | Vaults:5 | Got Otec's Parchment of the Eternal Void
 49370 | Vaults:5 | Got Puinki's Encyclopedia of Cold Geomancy
 49372 | Vaults:5 | Identified the staff of Ointment {Str+2 Dex+2 Earth}
 49403 | Vaults:5 | Identified the ring "Wani" {+Blink Fly rPois}
 49424 | Vaults:5 | Got Ostupagg's Dissertation on Energetic Distillation
 49515 | Vaults:5 | Found the +8 whip "Snakebite" {venom, curare, rPois}
 49517 | Vaults:5 | Identified the amulet "Fytuawet" {Reflect -Tele +Inv rElec
                  | Str+3 SH+5}
 49528 | Vaults:5 | Acquired 1178 gold pieces
 49614 | Vaults:5 | Got a silver rune of Zot
 50192 | Depths:3 | Voluntarily entered the Abyss.
 50336 | Abyss:2  | Found a corrupted altar of Lugonu.
 50662 | Abyss:2  | Found a corrupted altar of Lugonu.
 50769 | Abyss:2  | Reached XP level 26. HP: 197/197 MP: 23/23
 50832 | Abyss:2  | Found a corrupted altar of Lugonu.
 50859 | Abyss:3  | Noticed an ancient lich
 50869 | Abyss:3  | Found a corrupted altar of Lugonu.
 50874 | Abyss:3  | Killed an ancient lich
 51111 | Abyss:3  | Reached skill level 27 in Unarmed Combat
 51273 | Abyss:4  | Found a corrupted altar of Lugonu.
 51296 | Abyss:4  | Found a corrupted altar of Lugonu.
 51372 | Abyss:4  | Noticed a dread lich
 51378 | Abyss:4  | Killed a dread lich
 51483 | Abyss:4  | Reached skill level 15 in Dodging
 51529 | Abyss:4  | Got an abyssal rune of Zot
 51530 | Abyss:4  | Found a viscous altar of Jiyva.
 51537 | Depths:3 | Escaped the Abyss
 51948 | Slime:1  | Entered Level 1 of the Pits of Slime
 52189 | Slime:1  | Gained mutation: You are vulnerable to cold. (rC-) [a
                  | shining eye]
 52190 | Slime:1  | Gained mutation: You sometimes lose your temper in combat.
                  | [a shining eye]
 52349 | Slime:1  | Lost mutation: You sometimes lose your temper in combat.
                  | [potion of mutation]
 52349 | Slime:1  | Lost mutation: You are vulnerable to cold. (rC-) [potion of
                  | mutation]
 52349 | Slime:1  | Gained mutation: You have hidden genetic potential. [potion
                  | of mutation]
 52349 | Slime:1  | Gained mutation: You are vulnerable to cold. (rC-) [potion
                  | of mutation]
 52349 | Slime:1  | Gained mutation: Your flesh is heat resistant. (rF+)
                  | [potion of mutation]
 52772 | Slime:3  | Reached XP level 27. HP: 205/205 MP: 23/23
 53212 | Slime:5  | Entered Level 5 of the Pits of Slime
 53254 | Slime:5  | Noticed the Royal Jelly
 53257 | Slime:5  | Killed the Royal Jelly
 53403 | Slime:5  | Got the Book of Helpful Decomposition
 53431 | Slime:5  | Identified the +3 leather armour of Xits {+Blink rElec
                  | Int-5 Dex+2}
 53457 | Slime:5  | Identified the ring "Widwouf" {Wiz rElec rC+ Int+3 Stlth+}
 53462 | Slime:5  | Got a slimy rune of Zot
 53533 | Slime:5  | Identified the +11 broad axe "Erycahic" {elec, Int+7}
 53534 | Slime:5  | Identified the +6 halberd "Farriq" {freeze, Stlth+}
 53953 | Slime:5  | Identified the +2 ring mail "Uzuojusch" {^Contam rPois rN++
                  | Str+3}
 54453 | Hell     | Entered the Vestibule of Hell
 54453 | Hell     | Noticed Geryon
 54480 | Hell     | Noticed Murray
 54486 | Hell     | Killed Geryon
 54492 | Hell     | Killed Murray
 54756 | Hell     | Found a gateway to the decaying netherworld of Tartarus.
 54800 | Hell     | Found a gateway to the freezing wastes of Cocytus.
 54889 | Hell     | Found a gateway to the Iron City of Dis.
 54914 | Hell     | Found a gateway to the ashen valley of Gehenna.
 55033 | Geh:1    | Entered Level 1 of Gehenna
 55674 | Geh:3    | Gained mutation: One of your tentacles bears a spike.
                  | [hidden potential]
 55689 | Geh:3    | Noticed an ancient lich
 55695 | Geh:3    | Killed an ancient lich
 55843 | Geh:3    | Found a corrupted altar of Lugonu.
 56766 | Geh:6    | Reached skill level 15 in Shields
 57007 | Geh:7    | Entered Level 7 of Gehenna
 57307 | Geh:7    | Found the +13 sceptre of Asmodeus
 57307 | Geh:7    | Noticed Asmodeus
 57325 | Geh:7    | Killed Asmodeus
 57328 | Geh:7    | Got an obsidian rune of Zot
 57438 | Geh:7    | Got the Excursus on Angles and Ignition
 57443 | Geh:7    | Identified the staff "Rili" {^Fragile rN+ Str+5 Necro Tloc}
 58096 | Crypt:1  | Entered Level 1 of the Crypt
 59441 | Crypt:1  | Gained mutation: Your muscles are strong. (Str +4, Int/Dex
                  | -1) [hidden potential]
 59441 | Crypt:1  | Lost mutation: You have hidden genetic potential. [hidden
                  | potential expressed]
 59739 | Crypt:2  | Noticed Boris
 59743 | Crypt:2  | Killed Boris
 59955 | Crypt:2  | Noticed Sojobo
 59962 | Crypt:2  | Killed Sojobo
 60179 | Crypt:3  | Entered Level 3 of the Crypt
 60835 | Crypt:3  | Found an ancient bone altar of Kikubaaqudgha.
 61085 | Crypt:3  | Found a staircase to the Tomb.
 61230 | Crypt:3  | Noticed an ancient lich
 61234 | Crypt:3  | Killed an ancient lich
 61245 | Crypt:3  | Identified the serpent talisman of Perpetual Drought
                  | {Dex+2}
 61477 | Crypt:3  | Identified the amulet of Ajof {Faith Harm +Blink Regen+}
 61537 | Crypt:3  | Lost mutation: Your flesh is heat resistant. (rF+) [potion
                  | of mutation]
 61537 | Crypt:3  | Lost mutation: Your muscles are strong. (Str +4, Int/Dex
                  | -1) [potion of mutation]
 61537 | Crypt:3  | Gained mutation: Your natural rate of healing is unusually
                  | fast. [potion of mutation]
 61624 | Tomb:1   | Entered Level 1 of the Tomb of the Ancients
 61775 | Tomb:1   | Noticed a royal mummy
 61782 | Tomb:1   | Noticed a royal mummy
 61782 | Tomb:1   | Killed a royal mummy
 61784 | Tomb:1   | Killed a royal mummy
 62817 | D:3      | Bought a potion of haste for 140 gold pieces
 62817 | D:3      | Bought a potion of haste for 140 gold pieces
 62817 | D:3      | Bought a potion of cancellation for 112 gold pieces
 62817 | D:3      | Bought a potion of ambrosia for 112 gold pieces
 63171 | Zot:1    | Entered Level 1 of the Realm of Zot
 63206 | Zot:1    | Noticed Grunn
 63209 | Zot:1    | Killed Grunn
 65408 | Zot:3    | Found Cowiywki's Changing Room.
 65419 | Zot:3    | Bought the granite talisman of the Lotus Blossom {rF++
                  | Will- Str+5} for 2500 gold pieces
 66563 | Zot:5    | Entered Level 5 of the Realm of Zot
 67260 | Dis:1    | Entered Level 1 of the Iron City of Dis
 67321 | Dis:1    | Noticed an ancient lich
 67323 | Dis:1    | Killed an ancient lich
 67324 | Dis:1    | Reached skill level 27 in Stealth
 67449 | Dis:2    | Reached skill level 1 in Throwing
 67695 | Dis:3    | Noticed a royal mummy
 67697 | Dis:3    | Killed a royal mummy
 67716 | Dis:3    | Noticed a royal mummy
 67718 | Dis:3    | Killed a royal mummy
 67727 | Dis:3    | Noticed an ancient lich
 67727 | Dis:3    | Noticed a dread lich
 67732 | Dis:3    | Killed an ancient lich
 67739 | Dis:3    | Killed a dread lich
 67743 | Dis:3    | Noticed a royal mummy
 67743 | Dis:3    | Noticed a royal mummy
 67745 | Dis:3    | Killed a royal mummy
 67746 | Dis:3    | Killed a royal mummy
 68082 | Dis:6    | Reached skill level 27 in Fighting
 68233 | Dis:7    | Entered Level 7 of the Iron City of Dis
 68518 | Dis:7    | Noticed a juggernaut
 68520 | Dis:7    | Killed a juggernaut
 68771 | Dis:7    | Noticed a juggernaut
 68777 | Dis:7    | Killed a juggernaut
 69036 | Dis:7    | Noticed a juggernaut
 69039 | Dis:7    | Killed a juggernaut
 69047 | Dis:7    | Noticed Dispater
 69054 | Dis:7    | Killed Dispater
 69108 | Dis:7    | Got an iron rune of Zot
 69113 | Dis:7    | Identified the +4 war axe of True Grit {drain, rPois rC+}
 69383 | Tar:1    | Entered Level 1 of Tartarus
 69710 | Tar:2    | You fall into a shaft and drop 2 floors!
 70392 | Tar:7    | Entered Level 7 of Tartarus
 70635 | Tar:7    | Noticed an ancient lich
 70638 | Tar:7    | Killed an ancient lich
 70704 | Tar:7    | Noticed Ereshkigal
 70709 | Tar:7    | Killed Ereshkigal
 70739 | Tar:7    | Got a bone rune of Zot
 70808 | Tar:7    | Noticed an ancient lich
 70814 | Tar:7    | Killed an ancient lich
 70827 | Tar:7    | Found the +10 dark maul {heavy}
 70856 | Tar:7    | Identified the +4 sling "Nunegal" {drain, rPois Will++
                  | rCorr Dex-4}
 70858 | Tar:7    | Identified the amulet of Toluq {Spirit Will++ Regen+ rCorr
                  | Str-4}
 70882 | Tar:7    | Identified the +6 longbow of a Million Souls {heavy, Fly
                  | rN+}
 70966 | Tar:7    | Noticed an ancient lich
 70969 | Tar:7    | Killed an ancient lich
 71109 | Hell     | Lost mutation: You are vulnerable to cold. (rC-) [potion of
                  | mutation]
 71109 | Hell     | Lost mutation: Your natural rate of healing is unusually
                  | fast. [potion of mutation]
 71109 | Hell     | Lost mutation: One of your tentacles bears a spike. [potion
                  | of mutation]
 71109 | Hell     | Gained mutation: You have a pair of small antennae on your
                  | head. [potion of mutation]
 71110 | Hell     | Lost mutation: You have a pair of small antennae on your
                  | head. [potion of mutation]
 71110 | Hell     | Gained mutation: One of your tentacles bears a spike.
                  | [potion of mutation]
 71110 | Hell     | Gained mutation: You are clumsy. (Dex -2) [potion of
                  | mutation]
 71140 | Coc:1    | Entered Level 1 of Cocytus
 71673 | Coc:3    | Noticed a dread lich
 71678 | Coc:3    | Killed a dread lich
 71864 | Coc:5    | Noticed a dread lich
 71867 | Coc:5    | Killed a dread lich
 71874 | Coc:5    | Paralysed by a wendigo for 1 turns
 72455 | Coc:7    | Entered Level 7 of Cocytus
 72461 | Coc:7    | Paralysed by a wendigo for 1 turns
 72499 | Coc:7    | Noticed the Serpent of Hell
 72501 | Coc:7    | Killed the Serpent of Hell
 72663 | Coc:7    | Paralysed by a wendigo for 1 turns
 73003 | Coc:7    | Identified the +6 trident of Jukimotys {drain, rC- rCorr
                  | Str-5 Int+9}
 73005 | Coc:7    | Identified the +8 spear "Arcanum" {flame, rC+ Dex+3}
 73160 | Coc:7    | Noticed Antaeus
 73384 | Coc:7    | Killed Antaeus
 73404 | Coc:7    | Got an icy rune of Zot
 73405 | Coc:7    | Identified the +7 dagger of Ashenzari's Hatred {elec, rF-
                  | rC+++ Str+5 Int-3}
 74007 | Tomb:2   | Noticed a royal mummy
 74008 | Tomb:2   | Noticed a royal mummy
 74008 | Tomb:2   | Noticed a royal mummy
 74009 | Tomb:2   | Noticed a royal mummy
 74043 | Tomb:2   | Killed a royal mummy
 74202 | Tomb:3   | Entered Level 3 of the Tomb of the Ancients
 74216 | Tomb:3   | Noticed Khufu
 74217 | Tomb:3   | Noticed a royal mummy
 74222 | Tomb:3   | Killed Khufu
 74223 | Tomb:3   | Noticed a royal mummy
 74224 | Tomb:3   | Noticed a royal mummy
 74225 | Tomb:3   | Noticed a royal mummy
 74226 | Tomb:3   | Killed a royal mummy
 74228 | Tomb:3   | Noticed a royal mummy
 74235 | Tomb:3   | Killed a royal mummy
 74238 | Tomb:3   | Killed a royal mummy
 74242 | Tomb:3   | Killed a royal mummy
 74246 | Tomb:3   | Noticed a royal mummy
 74258 | Tomb:3   | Killed a royal mummy
 74267 | Tomb:3   | HP: 14/291 [guardian mummy (8)]
 74273 | Tomb:3   | Killed a royal mummy
 74274 | Tomb:3   | HP: 11/429 [something (11)]
 74282 | Tomb:3   | Noticed a royal mummy
 74285 | Tomb:3   | Killed a royal mummy
 74313 | Tomb:3   | Reached skill level 27 in Dodging
 74321 | Tomb:3   | Noticed a royal mummy
 74325 | Tomb:3   | Killed a royal mummy
 74389 | Tomb:3   | Got a golden rune of Zot
 74699 | Tomb:3   | Identified the +2 hand axe "Starlight" {flame, Fly Str+3}
 74747 | Tomb:3   | Identified the staff of Objectivity {^Fragile rPois rN+
                  | Int+5 Conj Alchemy}
 74750 | Tomb:3   | Identified the staff "Sacukh" {rElec rPois Str+4 Air}
 74754 | Tomb:3   | Identified the ring "Zuat" {rN+ Str+6}
 75263 | Pan      | Entered Pandemonium
 75323 | Pan      | Noticed Piatyl the pandemonium lord
 75333 | Pan      | Killed Piatyl the pandemonium lord
 75515 | Pan      | Reached skill level 27 in Shapeshifting
 75591 | Pan      | Gained mutation: You have hidden genetic defects. [a
                  | neqoxec]
 75937 | Pan      | Gained mutation: You do not regenerate when monsters are
                  | visible. [a neqoxec]
 76057 | Pan      | Reached skill level 27 in Shields
 76075 | Pan      | Identified the +4 chain mail of Peek-a-Boo {*Corrode Will+
                  | Str+3}
 76372 | Pan      | Noticed Tiac the pandemonium lord
 76378 | Pan      | Reached skill level 5 in Throwing
 76382 | Pan      | Killed Tiac the pandemonium lord
 76529 | Pan      | Gained mutation: You are frail. (-10% HP) [a cacodemon]
 76546 | Pan      | Gained mutation: Your magical capacity is low. (-10% MP)
                  | [hidden defects]
 76548 | Pan      | Lost mutation: You are clumsy. (Dex -2) [potion of
                  | mutation]
 76548 | Pan      | Lost mutation: You do not regenerate when monsters are
                  | visible. [potion of mutation]
 76548 | Pan      | Lost mutation: Your magical capacity is low. (-10% MP)
                  | [potion of mutation]
 76549 | Pan      | Lost mutation: One of your tentacles bears a spike. [potion
                  | of mutation]
 76549 | Pan      | Lost mutation: You have hidden genetic defects. [potion of
                  | mutation]
 76549 | Pan      | Lost mutation: You are frail. (-10% HP) [potion of
                  | mutation]
 76549 | Pan      | Gained mutation: You possess an exceptional clarity of
                  | mind. [potion of mutation]
 76549 | Pan      | Lost mutation: You possess an exceptional clarity of mind.
                  | [potion of mutation]
 76680 | Pan      | Gained mutation: You occasionally shout uncontrollably at
                  | your foes. [a cacodemon]
 76811 | Pan      | Noticed Ocul the pandemonium lord
 76816 | Pan      | Killed Ocul the pandemonium lord
 77296 | Pan      | Noticed Mennas
 77301 | Pan      | Killed Mennas
 77499 | Pan      | Noticed Ufren the pandemonium lord
 77512 | Pan      | Killed Ufren the pandemonium lord
 77561 | Pan      | Reached skill level 10 in Throwing
 78209 | Pan      | Entered the realm of Cerebov.
 78268 | Pan      | Found an exit through the horrors of the Abyss.
 78635 | Pan      | Reached skill level 10 in Short Blades
 78916 | Pan      | Found the +6 sword of Cerebov {flame}
 78916 | Pan      | Noticed Cerebov
 78932 | Pan      | Killed Cerebov
 78933 | Pan      | Reached skill level 15 in Evocations
 78974 | Pan      | Identified the +5 quarterstaff of True Grit {flame, rC+
                  | Will+}
 79058 | Pan      | Identified the +6 short sword of the Ecumenical Temple
                  | {flame, rElec rC+ rN+ MP+9}
 79060 | Pan      | Identified the ring "Jabryn" {rC+ Str+6 Int+4 Slay-3}
 79063 | Pan      | Identified the +4 dagger "Annoath" {flame, Int+3 Stlth+}
 79117 | Pan      | Got a fiery rune of Zot
 79146 | Pan      | Identified the ring "Ybyamae" {Wiz MP+9 Slay+2}
 79496 | Pan      | Entered the realm of Lom Lobon.
 79930 | Pan      | Noticed Lom Lobon
 79945 | Pan      | Killed Lom Lobon
 79954 | Pan      | Got a magical rune of Zot
 80110 | Pan      | Found an exit through the horrors of the Abyss.
 80452 | Pan      | Identified the +4 dagger "Rulome" {elec, rN+ MP+9}
 81149 | Pan      | Reached skill level 15 in Throwing
 81496 | Pan      | Noticed Mit Raru the pandemonium lord
 81502 | Pan      | Killed Mit Raru the pandemonium lord
 81857 | Pan      | Gained mutation: Your spells are a little easier to cast,
                  | but a little less powerful. [a neqoxec]
 81959 | Pan      | Identified the staff of Contradiction {rF+ rCorr Stlth-
                  | Necro Fire}
 82250 | Pan      | Found an exit through the horrors of the Abyss.
 82773 | Pan      | Gained mutation: You are frail. (-10% HP) [a neqoxec]
 82910 | Pan      | Identified the +3 tower shield "Virret" {Rampage}
 82911 | Pan      | Found a glowing silver altar of Zin.
 83069 | Pan      | Identified the +2 buckler of the Hidden Emperors {rN++
                  | Dex-3 Slay+3}
 83069 | Pan      | Noticed a seraph
 83075 | Pan      | Killed a seraph
 83078 | Pan      | Reached skill level 15 in Short Blades
 83423 | Pan      | Found a glowing golden altar of the Shining One.
 83430 | Pan      | Identified the ring of Desertification {Fire rElec}
 83434 | Pan      | Got a demonic rune of Zot
 83438 | Pan      | Identified the amulet of the Genius {Regen+ Str+4}
 83440 | Pan      | Identified the +0 whip of the Owl {freeze, Dex+4}
 83442 | Pan      | Identified the staff of High {rElec Str+3 Hexes Air}
 83446 | Pan      | Identified the +10 rapier of the Snake Pit {antimagic, rC+
                  | Will++ rCorr Dex-5}
 83449 | Pan      | Identified the +4 great mace of Dim Light {distort, rC+}
 83732 | Pan      | Found a white marble altar of Elyvilon.
 83851 | Pan      | Noticed Leboc the pandemonium lord
 83859 | Pan      | Killed Leboc the pandemonium lord
 83909 | Pan      | Found an exit through the horrors of the Abyss.
 84202 | Pan      | Gained mutation: You are vulnerable to heat. (rF-) [a
                  | neqoxec]
 84743 | Pan      | Noticed Azezyin the pandemonium lord
 84750 | Pan      | Killed Azezyin the pandemonium lord
 84754 | Pan      | Gained mutation: You frequently scream uncontrollably at
                  | your foes. [a cacodemon]
 84845 | Pan      | Found an exit through the horrors of the Abyss.
 84932 | Pan      | Identified the +2 ring mail of Feqaymme {rF- Will+ Regen+}
 85271 | Pan      | Noticed Luqueme the pandemonium lord
 85271 | Pan      | Gained mutation: Your spells are easier to cast, but less
                  | powerful. [a neqoxec]
 85275 | Pan      | Gained mutation: You occasionally lose the ability to read
                  | scrolls when taking damage. [a neqoxec]
 85277 | Pan      | Killed Luqueme the pandemonium lord
 86122 | Pan      | Acquired 966 gold pieces
 86176 | Pan      | Noticed Tuuchik the pandemonium lord
 86178 | Pan      | Killed Tuuchik the pandemonium lord
 86452 | Pan      | Found an exit through the horrors of the Abyss.
 86969 | Pan      | Found an exit through the horrors of the Abyss.
 86970 | Pan      | Noticed Jilyt the pandemonium lord
 86977 | Pan      | Killed Jilyt the pandemonium lord
 87471 | Pan      | Noticed Ignacio
 87475 | Pan      | Killed Ignacio
 87636 | Pan      | Entered the realm of Mnoleg.
 87726 | Pan      | Gained mutation: You are weak. (Str -2) [a cacodemon]
 87776 | Pan      | Noticed Mnoleg
 87803 | Pan      | Killed Mnoleg
 87819 | Pan      | Gained mutation: You do not regenerate when monsters are
                  | visible. [a neqoxec]
 87990 | Pan      | Gained mutation: Your magical capacity is low. (-10% MP) [a
                  | cacodemon]
 88122 | Pan      | Lost mutation: Your magical capacity is low. (-10% MP)
                  | [potion of mutation]
 88122 | Pan      | Lost mutation: Your spells are easier to cast, but less
                  | powerful. [potion of mutation]
 88122 | Pan      | Lost mutation: You frequently scream uncontrollably at your
                  | foes. [potion of mutation]
 88122 | Pan      | Lost mutation: You occasionally lose the ability to read
                  | scrolls when taking damage. [potion of mutation]
 88122 | Pan      | Lost mutation: You are frail. (-10% HP) [potion of
                  | mutation]
 88122 | Pan      | Gained mutation: You have hidden genetic potential. [potion
                  | of mutation]
 88151 | Pan      | Lost mutation: You occasionally shout uncontrollably at
                  | your foes. [potion of mutation]
 88151 | Pan      | Lost mutation: You have hidden genetic potential. [potion
                  | of mutation]
 88151 | Pan      | Lost mutation: You do not regenerate when monsters are
                  | visible. [potion of mutation]
 88151 | Pan      | Gained mutation: You are strong-willed. (Will+) [potion of
                  | mutation]
 88151 | Pan      | Gained mutation: Your mind is acute. (Int +4, Str/Dex -1)
                  | [potion of mutation]
 88151 | Pan      | Gained mutation: You are resistant to electric shocks.
                  | (rElec) [potion of mutation]
 88157 | Pan      | Lost mutation: Your mind is acute. (Int +4, Str/Dex -1)
                  | [potion of mutation]
 88157 | Pan      | Lost mutation: Your spells are a little easier to cast, but
                  | a little less powerful. [potion of mutation]
 88157 | Pan      | Lost mutation: You are vulnerable to heat. (rF-) [potion of
                  | mutation]
 88157 | Pan      | Gained mutation: You are partially covered in iridescent
                  | scales. (AC +2) [potion of mutation]
 88185 | Pan      | Got a glowing rune of Zot
 88247 | Pan      | Lost mutation: You are weak. (Str -2) [potion of mutation]
 88247 | Pan      | Lost mutation: You are partially covered in iridescent
                  | scales. (AC +2) [potion of mutation]
 88247 | Pan      | Gained mutation: You are weak. (Str -2) [potion of
                  | mutation]
 88247 | Pan      | Lost mutation: You are strong-willed. (Will+) [potion of
                  | mutation]
 88247 | Pan      | Gained mutation: You are somewhat resistant to further
                  | mutation. [potion of mutation]
 88248 | Pan      | Lost mutation: You are resistant to electric shocks.
                  | (rElec) [potion of mutation]
 88248 | Pan      | Lost mutation: You are somewhat resistant to further
                  | mutation. [potion of mutation]
 88248 | Pan      | Lost mutation: You are weak. (Str -2) [potion of mutation]
 88248 | Pan      | Gained mutation: You occasionally lose the ability to drink
                  | potions when taking damage. [potion of mutation]
 88248 | Pan      | Gained mutation: Your magical capacity is low. (-10% MP)
                  | [potion of mutation]
 88249 | Pan      | Lost mutation: Your magical capacity is low. (-10% MP)
                  | [potion of mutation]
 88249 | Pan      | Lost mutation: You occasionally lose the ability to drink
                  | potions when taking damage. [potion of mutation]
 88249 | Pan      | Gained mutation: You are strong-willed. (Will+) [potion of
                  | mutation]
 88249 | Pan      | Gained mutation: You are robust. (+10% HP) [potion of
                  | mutation]
 88249 | Pan      | Gained mutation: You are agile. (Dex +4, Str/Int -1)
                  | [potion of mutation]
 88280 | Pan      | Gained mutation: Potions are less effective at restoring
                  | your health. [a cacodemon]
 88391 | Pan      | Entered the realm of Gloorx Vloq.
 88929 | Pan      | Found an exit through the horrors of the Abyss.
 89185 | Pan      | Noticed Gloorx Vloq
 89186 | Pan      | Killed Gloorx Vloq
 89202 | Pan      | Got a dark rune of Zot
 89286 | Pan      | Took an exit into the Abyss.
 89286 | Abyss:4  | Escaped into the Abyss
 89398 | Abyss:4  | Noticed a dread lich
 89408 | Abyss:4  | Killed a dread lich
 89434 | Depths:2 | Escaped the Abyss
 89660 | Zot:5    | Noticed an ancient lich
 89660 | Zot:5    | Noticed an orb of fire
 89663 | Zot:5    | Killed an ancient lich
 89663 | Zot:5    | Killed an orb of fire
 89671 | Zot:5    | Noticed an orb of fire
 89673 | Zot:5    | Gained mutation: You are weak. (Str -2) [mutagenic glow]
 89676 | Zot:5    | Killed an orb of fire
 89685 | Zot:5    | Lost mutation: You are agile. (Dex +4, Str/Int -1)
                  | [mutagenic glow]
 89727 | Zot:5    | Got the Orb of Zot
 89729 | Zot:5    | Noticed Loc Peor the pandemonium lord
 89730 | Zot:5    | Killed Loc Peor the pandemonium lord
 89897 | Depths:3 | Noticed Pairuepuo the pandemonium lord
 89901 | Depths:3 | Killed Pairuepuo the pandemonium lord
 90012 | D:14     | Noticed Zosuyfow the pandemonium lord
 90019 | D:14     | Killed Zosuyfow the pandemonium lord
 90273 | D:1      | Noticed Musm the pandemonium lord
 90278 | D:1      | Killed Musm the pandemonium lord
 90325 | D:$      | Escaped with the Orb!

Illustrated notes

Levels and vault maps discovered:
D:1:      amcnicky_arrival_single_pillar, layout_basic, st_stairs_3
D:2:      layout_loops_corners, hellmonk_ecumenical_altar_pennies_from_heaven,
          basic_altar, hangedman_decor_slide_cut
D:3:      layout_loops_ring, nemelex_spade_bored_becter, portal_sewer_entry_d,
          serial_shops, shop
D:4:      layout_basic, minmay_tree_intersection, minmay_misc_feat_five
D:5:      wad_lake_hut, layout_basic, enter_ossuary_2, serial_rivers,
          chequers_serial_rivers_small_3, chequers_serial_rivers_small_b,
          chequers_serial_rivers_small_3, chequers_serial_rivers_micro_e,
          chequers_serial_rivers_micro_c, chequers_serial_rivers_small_b,
          minmay_hollow_rounded_squares
D:6:      layout_cave_pools, grunt_qazlal_sundering, minmay_temple_entry_fiery,
          chequers_serial_rivers_micro_e, uniq_blork_the_orc
D:7:      layout_basic, fedhas_ov_isle_minmay, mainiacjoe_overflow_24_doors,
          yredelemnul_forgotten_temple_becter
D:8:      layout_cave_pods, gammafunk_temple_overflow_statue,
          chequers_temple_overflow_minitemple, trog_butcher_becter,
          lair_entry_dummy, einodemon_armed_red_devil_minivault
D:9:      layout_stronghold, nzn_hepliaklqana_mist_gate, orc_0_dummy,
          enter_bailey_4, uniq_harold, uniq_erolcha
D:10:     layout_rooms, uniq_maurice, uniq_maggie
D:11:     layout_cross
D:12:     layout_loops_ring, serial_shops, shop, gammafunk_ghost_nasty_kobolds
D:13:     minmay_the_grid_octo_tiled_squarecenter_mashed
          [minmay_the_grid_octo_fat_diamond, minmay_the_grid_octo_checkerflower,
          minmay_the_grid_octo_concentric, minmay_the_grid_octo_thin_diamonds,
          minmay_the_grid_square_5x5_megaprize_crossed,
          minmay_the_grid_square_5x5_forky,
          minmay_the_grid_square_5x5_two_walls_b,
          minmay_the_grid_square_5x5_inner_i,
          minmay_the_grid_square_5x5_inner_v], layout_basic, kb_tengu_band,
          uniq_lodul
D:14:     layout_irregular_city, lightli_vaults_fourway_checkpoint,
          nicolae_the_louvre, kiku_gazebo_garden_becter
D:15:     gammafunk_depths_entry_grave, layout_stronghold, nooodl_orcs_dogs,
          uniq_roxanne, uniq_louise, uniq_agnes
Temple:   kb_temple_of_zot
Lair:1:   layout_regular_city
Lair:2:   layout_chaotic_city, swamp_mist, nicolae_snake_entry_warm_welcome,
          gammafunk_ghost_split, lightli_volcano_entry_magma_tube,
          grunt_megastairs_5, infiniplex_staircase_pool_2
Lair:3:   layout_cave_pods, dreamdust_gnoll_shepherd, uniq_sonja
Lair:4:   gammafunk_lair_enchanted_lake, layout_gridlike, minivault_24,
          serial_bayou_shore_b, lemuel_fruit_tree, grunt_megastairs_3,
          uniq_rupert
Lair:5:   cheibrodos_lair_end_hotspot, layout_cave_pods,
          minmay_slime_entry_jelly_boxes, hangedman_lair_generics_rect
Swamp:1:  layout_basic_swamp, evilmike_swamp_ruin_rubble_2
Swamp:2:  layout_falls_marsh, nicolae_swamp_trees_clearing
Swamp:3:  layout_basic_swamp, serial_swamp_ruin, evilmike_swamp_ruin_house_4,
          evilmike_swamp_ruin_house_2, swamp_pool_4, nicolae_swamp_little_tower,
          uniq_jorgrun, uniq_mara
Swamp:4:  swamp_old_school, layout_basic_swamp, infiniplex_staircase_pool,
          uniq_donald
Snake:1:  layout_cave_shapes
Snake:2:  layout_chambers, serial_shops, shop, shop, nicolae_shop_trees,
          minmay_shoptagon, nicolae_triple_integral
Snake:3:  layout_honeycomb, serial_shops, nicolae_shop_peninsula
Snake:4:  snake_pit, layout_cave_town, drop_trap
Slime:1:  layout_caves
Slime:2:  layout_caves
Slime:3:  layout_caves
Slime:4:  layout_caves
Slime:5:  slime_pit_nicolae_amoeboid
Orc:1:    layout_caves, basic_altar
Orc:2:    grunt_orc_tribal_feast, layout_caves, basic_altar, sword_in_stone,
          uniq_snorg
Elf:1:    layout_geoelf_grid, serial_shops, nicolae_shop_hallway_plus,
          minmay_elf_demonology, dreamdust_princess_corridor,
          lemuel_upstairs_altar, uniq_aizul
Elf:2:    elven_hall_of_blades_hangedman_original
          [nicolae_vaults_blade_armed_guards], layout_rooms, dk_noncrumbling_4,
          uniq_nikola
Elf:3:    nooodl_elf_gasket, layout_loops_ring, grunt_ministairs_9
Vaults:1: nicolae_vaults_meiosis, vaults_room_fancy_cross,
          nicolae_vaults_storage_room_glass, vaults_room_fours, v_rooms_3,
          ontoclasm_vaults_fault, nicolae_vaults_border_crossing,
          nicolae_vaults_tetromino_T_1, layout_vaults_chaotic_city
Vaults:2: grunt_vaults_twisty, nicolae_vaults_closet_pinwheel_6, v_misc_28,
          nicolae_vaults_security_offices_6, vaults_room_pool,
          nicolae_vaults_more_shelving_2, nicolae_vaults_trapezoid_4,
          dpeg_vaults_monster_box, v_misc_28, layout_vaults_omnigrid,
          serial_shops, nicolae_shop_competitors_out_of_business
Vaults:3: hangedman_vaults_nodes, hangedman_vaults_capsules,
          nicolae_vaults_taking_the_gang_shopping, nicolae_vaults_circle_grid_b,
          minmay_crypt_entry_vampire_xt, vaults_room_semicircle,
          hangedman_vaults_corner, nicolae_vaults_tetromino_Z_2,
          nicolae_vaults_network_star, v_misc_33, vaults_dpeg_ring,
          vaults_room_semicircle, nicolae_vaults_bisected_slash,
          layout_vaults_omnicross, serial_shops, nicolae_shop_gibbet_a_chance
Vaults:4: nicolae_vaults_spaceships, v_misc_25, st_lattice,
          nicolae_vaults_weapon_check, vaults_dpeg_spiral,
          ontoclasm_vaults_idyll, nicolae_vaults_offset_grid_hallway_4,
          dpeg_vaults_monster_row, hangedman_vaults_stretched_pinwheel,
          nicolae_vaults_circle_grid_b, vaults_mumra_minichess_inversion,
          v_misc_27, vaults_dpeg_encased_lava, nicolae_vaults_lightning_bolt,
          vaults_mumra_hex, layout_vaults_maze, serial_shops,
          nicolae_shop_tiny_waterfront, uniq_frederick
Vaults:5: uniq_margery
Crypt:1:  layout_gridlike
Crypt:2:  layout_rooms, uniq_sojobo, uniq_boris
Crypt:3:  evilmike_haunted_forest
Tomb:1
Tomb:2
Tomb:3
Depths:1: layout_basic, enter_ziggurat_a, hangedman_coc_ice_floe,
          lemuel_crystal_altar, kennysheep_generic_room_5, minmay_shop_grove
Depths:2: kennysheep_green_arena, layout_basic, biasface_ghost_demon_polymorph,
          grunt_mini_vestibule, pan_entry, minmay_hedge_maze,
          serial_bayou_shore_b
Depths:3: cheibrodos_tormentor_scu, layout_gridville, hell_entry,
          abyss_entry_small_statue_room, nrook_pool_corridor,
          rand_demon_pan_entry_1, kennysheep_random_hallway,
          infiniplex_staircase_squiggle
Depths:4: grunt_zot_entry_tricorne, layout_gridlike, hell_entry,
          rand_demon_pan_entry_8, hangedman_decor_clover_reticule,
          serial_bayou_shore_b
Hell
Dis:1:    layout_gridville, nicolae_dis_spooky_hallway
Dis:2:    layout_jigsaw
Dis:3:    layout_gridville, lemuel_mystery_crypt
Dis:4:    layout_subdivisions, nrook_loot_triangle, lemuel_dis_dragons
Dis:5:    layout_subdivisions, nicolae_hells_hurtin_island
Dis:6:    layout_subdivisions, nicolae_dis_fourth_circle
Dis:7:    dis_hangedman
Geh:1:    layout_gehenna_pools_box
Geh:2:    layout_gehenna_pools_triple
Geh:3:    layout_gehenna_pools_triple, amcnicky_altar_lugonu_corruption
Geh:4:    layout_gehenna_pools_basic
Geh:5:    layout_gehenna_pools_basic
Geh:6:    layout_gehenna_lava_caves
Geh:7:    geh_old
Coc:1:    layout_ice_bergs
Coc:2:    layout_ice_bergs
Coc:3:    layout_cocytus_delve
Coc:4:    layout_ice_bergs
Coc:5:    layout_cocytus_water_paths
Coc:6:    layout_cocytus_water_paths
Coc:7:    coc_grunt
Tar:1:    layout_honeycomb, nicolae_tar_cuneiform_heaven
Tar:2:    layout_catacombs
Tar:4:    layout_grid_maze, nicolae_tar_cuneiform_sun
Tar:5:    layout_grid_maze
Tar:6:    layout_catacombs, nicolae_tar_cuneiform_bird, nicolae_tar_honey_chapel
Tar:7:    tar_old
Zot:1:    layout_gridville, uniq_grunn
Zot:2:    layout_cathedral_of_symmetry, bh_zot_lava_cross,
          regret_index_zotdec_golden_two_three, hangedman_zot_decor_tridents
Zot:3:    layout_basic, regret_index_zotdec_gossamer_parallel,
          nicolae_transmutations_shop, grunt_megastairs_2
Zot:4:    layout_basic
Zot:5:    layout_basic, st_stairs_13, grunt_ministairs_7, lemuel_baited_zot_trap

Skill      XL: |  1  2  3  4  5  6  7  8  9 10 11 12 13 14 15 16 17 18 19 20 21 22 23 24 25 26 27 |
---------------+----------------------------------------------------------------------------------+-----
Stealth        | 1 2 3 4 6 8 10 12 14 15 17 20 27 | 27.0
Unarmed Combat | 3 4 5 7 9 11 12 14 16 17 19 20 22 23 24 25 26 27 | 27.0
Fighting       | 4 6 7 8 9 11 12 13 14 15 16 17 18 19 20 21 27 | 27.0
Shields        | 4 5 6 7 9 10 11 12 13 27 | 27.0
Dodging        | 4 6 7 8 9 10 11 12 13 14 15 27 | 27.0
Shapeshifting  | 2 9 10 11 12 13 14 15 16 17 18 19 27 | 27.0
Short Blades   | 2 6 21 | 21.0
Evocations     | 2 5 7 8 10 11 12 24 | 24.1
Throwing       | 22 | 22.0

Action                     |  1- 3 |  4- 6 |  7- 9 | 10-12 | 13-15 | 16-18 | 19-21 | 22-24 | 25-27 || total
---------------------------+-------+-------+-------+-------+-------+-------+-------+-------+-------++-------
  Melee: Unarmed           |    85 |   142 |   256 |   299 |   822 |   638 |   638 |   752 |  5351 ||  8983
         Constrict         |    22 |    32 |    61 |    54 |   137 |   152 |    95 |    77 |   643 ||  1273
         Tentacles         |    10 |    24 |    70 |    80 |   144 |   167 |    97 |   137 |   967 ||  1696
         Punch             |     1 |     3 |    19 |    31 |    67 |    96 |    89 |   108 |   759 ||  1173
         War axe           |       |       |       |    16 |     8 |       |       |       |       ||    24
         Dagger            |       |       |       |     8 |    13 |    56 |    43 |       |       ||   120
         Maw               |       |       |       |       |   137 |   238 |       |       |       ||   375
         Kick              |       |       |       |       |       |       |       |       |   765 ||   765
  Throw: Boomerang         |       |     1 |    17 |     6 |       |       |       |       |       ||    24
         Dart              |       |       |       |       |     2 |     4 |       |       |       ||     6
         Javelin           |       |       |       |       |       |       |       |       |    88 ||    88
 Invoke: Heavenly Storm    |       |       |       |       |     4 |     5 |     4 |     5 |    33 ||    51
         Serpent's Lash    |       |       |       |       |     1 |     6 |     2 |       |    17 ||    26
Ability: Lunge             |       |       |    11 |    54 |   119 |   146 |   146 |   117 |   765 ||  1358
         Whirlwind         |       |       |       |    20 |   140 |   165 |   233 |   224 |  2066 ||  2848
         Wall Jump         |       |       |       |     2 |    42 |    28 |    15 |    23 |   128 ||   238
         Evoke Invisibilit |       |       |       |       |       |       |       |       |     1 ||     1
  Evoke: Wand              |       |       |     2 |     5 |     6 |    14 |       |     2 |     5 ||    34
         Tin of tremorston |       |       |       |       |     1 |       |       |       |       ||     1
         Phantom mirror    |       |       |       |       |       |     1 |       |       |     1 ||     2
         Horn of Geryon    |       |       |       |       |       |       |       |       |     3 ||     3
         Phial of floods   |       |       |       |       |       |       |       |       |     1 ||     1
    Use: Scroll            |       |    12 |     7 |     5 |    10 |     6 |     1 |     7 |    33 ||    81
         Potion            |       |       |     6 |     7 |     8 |     3 |     4 |     3 |    59 ||    90
   Stab: Sleeping          |     7 |    15 |    15 |    16 |    26 |    39 |    52 |    54 |   215 ||   439
         Distracted        |       |       |     1 |       |     8 |     6 |     5 |     4 |   106 ||   130
         Invisible         |       |       |       |     3 |     2 |       |       |     1 |     3 ||     9
         Confused          |       |       |       |       |       |       |       |       |     1 ||     1
 Armour: Skin              |    25 |    50 |    87 |    97 |   290 |   158 |   204 |   266 |  1361 ||  2538
  Dodge: Dodged            |    57 |    55 |   116 |   167 |   335 |   277 |   358 |   351 |  2690 ||  4406
  Block: Buckler           |     5 |    12 |    28 |   113 |    76 |   108 |       |   181 |       ||   523
         Kite shield       |       |       |       |       |       |     6 |   311 |    65 |  2459 ||  2841
         Reflection        |       |       |       |       |       |     1 |    64 |    24 |     2 ||    91
   Form: Serpent           |       |       |       |       |     1 |       |       |       |       ||     1
         Maw               |       |       |       |       |     1 |     1 |       |       |       ||     2
         Statue            |       |       |       |       |       |     2 |       |       |     2 ||     4
         Storm             |       |       |       |       |       |       |       |       |     2 ||     2
